 Dungeon Crawl Stone Soup version 0.23.2-1-ga50397a6bc (webtiles) character file.

Game seed: 6261320864632993094

249 PentaManta the Ducker (level 6, -3/35 HPs)
             Began as a Kobold Hunter on May 31, 2019.
             Was an Initiate of Okawaru.
             Slain by an ogre
             ... wielding a +0 giant spiked club
              (24 damage)
             ... on level 3 of the Dungeon.
             The game lasted 00:05:25 (2379 turns).

PentaManta the Ducker (Kobold Hunter)               Turns: 2379, Time: 00:05:26

Health: -3/35      AC:  4    Str: 10    XL:     6   Next: 34%
Magic:  6/6        EV: 17    Int: 12    God:    Okawaru [......]
Gold:   101        SH:  0    Dex: 17    Spells: 5/5 levels left

rFire    . . .     SeeInvis .   a - +1 hand crossbow
rCold    . . .     Gourm    .   (shield restricted)
rNeg     . . .     Faith    .   c - +0 leather armour
rPois    .         Spirit   .   (no helmet)
rElec    .         Reflect  .   (no cloak)
rCorr    .         Harm     .   e - +0 pair of gloves (curse)
MR       .....                  (no boots)
Stlth    ++........             (no amulet)
HPRegen  0.11/turn              (no ring)
MPRegen  0.10/turn              (no ring)

@: no status effects
A: small, carnivore
a: Renounce Religion


You were on level 3 of the Dungeon.
You worshipped Okawaru.
Okawaru was noncommittal.
You were very hungry.

You visited 2 branches of the dungeon, and saw 5 of its levels.

You collected 101 gold pieces.

Inventory:

Hand Weapons
 a - a +1 hand crossbow (weapon)
 b - a +0 short sword
 m - a +2 dagger of draining
Missiles
 d - 5 bolts (quivered)
Armour
 c - a +0 leather armour (worn)
 e - a cursed +0 pair of gloves (worn)
Scrolls
 g - 3 scrolls of remove curse {unknown}
 j - 5 scrolls of identify {unknown}
 n - a scroll of magic mapping {unknown}
Potions
 h - a potion of heal wounds
 i - a potion of magic {unknown}
 k - a potion of lignification {unknown}
 l - a potion of mutation {unknown}
 o - a potion of curing {unknown}
Comestibles
 f - 5 rations


   Skills:
 - Level 2.1 Fighting
 + Level 5.2 Short Blades
 - Level 4.8 Crossbows
 + Level 5.5 Dodging
 - Level 1.3 Stealth


You had 5 spell levels left.
You didn't know any spells.
Your spell library was empty.

Dungeon Overview and Level Annotations

Branches:
Dungeon (4/15)             Temple (1/1) D:4

Altars:
Ashenzari
Cheibriados
Dithmenos
Elyvilon
Fedhas
Gozag
Hepliaklqana
Kikubaaqudgha
Makhleb
Nemelex Xobeh
Okawaru
Qazlal
Ru
Sif Muna
Trog
Uskayaw
Vehumet
Wu Jian
Yredelemnul
Zin
The Shining One

Shops:
D:4 }

Annotations:
D:3 exclusion: 2 downstairs


Innate Abilities, Weirdness & Mutations

You are small and have problems with some larger weapons.
You are carnivorous and can eat meat at any time.


Message History

Aim: an ogre, wielding a +0 giant spiked club (severely wounded)
You shoot a bolt. The jackal barks!
The bolt hits the ogre.
The ogre is severely wounded.
The ogre closely misses you. The jackal bites you. The jackal misses you.
You see here a ration.
The jackal barks!
There is a stone staircase leading up here.
The jackal bites you but does no damage.
The phantom blinks!
The ogre closely misses you.
The jackal bites you but does no damage.
You climb upwards.
Level annotation: exclusion: 2 downstairs
There is a stone staircase leading down here.
The jackal barely misses you.
The ogre hits you with a +0 giant spiked club!!
Ouch! That really hurt!
You die...

##....####### #........##.#
##....# #...######......#.##.#
......# #.................##.#
......# #............#.......#
......###............#..######
....................##..#
..#.#####...#######.##..###
..#.....(...#....O........#
................@h.>#####.#
#......)....#.####### #...#
#######)#####.# #.###
...)..(...# #.#########.#
.##...#.#.###...........#
.##.)##.#...+.....#######
....<)..#.(.#.....#
#####)###...#.....#
.#.#..(...#.#.....#


You could see an ogre and a jackal.

Vanquished Creatures
  An orc priest (D:3)
  2 worker ants
  An orc wizard (D:3)
  Robin (D:3)
  A gnoll (D:1)
  2 adders (D:2)
  5 worms
  An adder skeleton (D:4)
  4 dart slugs
  2 leopard geckos
  2 orcs (D:3)
  A ball python (D:3)
  4 bats
  2 giant cockroaches
  16 goblins
  13 hobgoblins
  3 jackals (D:2)
  5 kobolds
  3 quokkas
  2 frilled lizards
  7 rats
78 creatures vanquished.

Notes
Turn   | Place    | Note
-------+----------+-------------------------------------------
     0 | D:1      | PentaManta the Kobold Hunter began the quest for the Orb.
     0 | D:1      | Reached XP level 1. HP: 12/12 MP: 1/1
    30 | D:1      | Reached skill level 1 in Short Blades
    83 | D:1      | Reached XP level 2. HP: 17/17 MP: 2/2
   394 | D:1      | Reached XP level 3. HP: 21/21 MP: 3/3
   743 | D:2      | Reached XP level 4. HP: 25/26 MP: 4/4
  1196 | D:3      | Reached XP level 5. HP: 30/30 MP: 5/5
  1207 | D:3      | Identified the -3 helmet of Serendipity {rN++ MR- Int+3}
  1207 | D:3      | Noticed Robin
  1217 | D:3      | Killed Robin
  1317 | D:3      | Reached skill level 5 in Dodging
  1748 | D:3      | Reached XP level 6. HP: 35/35 MP: 6/6
  1875 | D:4      | Noticed an ogre
  1938 | D:4      | Noticed an ogre
  1953 | D:3      | Reached skill level 5 in Short Blades
  2045 | D:4      | Found a staircase to the Ecumenical Temple.
  2098 | Temple   | Entered the Ecumenical Temple
  2194 | Temple   | Became a worshipper of Warmaster Okawaru
  2364 | D:4      | Found Xengi's Gadget Shoppe.
  2366 | D:4      | Noticed a phantom
  2379 | D:3      | Slain by an ogre

Skill      XL: |  1  2  3  4  5  6 |
---------------+-------------------+-----
Short Blades   | 1 2 3 4 5 |  5.2
Dodging        | 3 4 5 |  5.5
Fighting       | |  2.1
Crossbows      | |  4.8
Stealth        | |  1.3

Action                   |  1- 3 |  4- 6 || total
-------------------------+-------+-------++-------
 Fire: Hand crossbow     |    51 |   140 ||   191
  Use: Potion            |       |     1 ||     1
  Eat: Chunk             |       |     3 ||     3
Armor: Leather armour    |       |    13 ||    13
Dodge: Dodged            |     6 |    63 ||    69
